Map: Apotheosis LE

Players

STO

  • Race: Terran Terran
  • League: Gold
  • Spawn Location: 11:00

Fropez - Winner!

  • Race: Protoss Protoss
  • League: Gold
  • Spawn Location: 5:00

VOD

Have the link to the VOD?

Description

Time

  • Played on: Sept. 15, 2016, 2:47 p.m.
  • Length: 25:56
Show
View Real Time Build Order
Export as new Build Order

STO Terran 

Build Orders:  

Get SALT Encoding   

  12  0:01  SCV  
  13  0:13  SCV  
  14  0:18  Supply Depot  
  14  0:33  SCV  
  15  0:43  Barracks  
  15  1:00  SCV  
  16  1:12  Supply Depot  
  16  1:15  Refinery  
  16  1:16  SCV  
  17  1:30  Orbital Command  
  17  1:32  Marine  
  18  1:35  Refinery  
  18  1:39  Bunker  
  18  1:50  Marine  
  19  2:04  SCV  
  20  2:14  Factory  
  20  2:15  Marine  
  20  2:21  Supply Depot  
  21  2:26  SCV  
  22  2:38  SCV  
  23  2:50  SCV, Engineering Bay  
  24  3:02  SCV  
  25  3:11  Starport  
  25  3:14  Factory Tech Lab  
  25  3:16  SCV  
  26  3:20  Supply Depot  
  26  3:22  Missile Turret  
  26  3:29  Missile Turret  
  26  3:37  Siege Tank, Missile Turret  
  26  3:39  Marine  
  30  4:03  Starport Tech Lab  
  30  4:08  Marine, Command Center  
  31  4:26  Cloaking Field  
  31  4:27  Banshee  
  34  4:33  SCV  
  35  4:43  Siege Tank  
  38  4:48  Barracks Reactor  
  38  4:56  SCV  
  39  5:08  SCV  
  39  5:10  Banshee  
  43  5:24  Orbital Command  
  43  5:25  Missile Turret  
  43  5:31  Marine x2  
  45  5:38  Siege Tank  
  48  6:11  Banshee  
  48  6:18  Siege Tank  
  54  6:54  Banshee  
  51  7:10  Marine x2  
  53  7:22  Supply Depot  
  53  7:23  Starport  
  53  7:26  Orbital Command  
  53  7:28  Marine x2  
  55  7:36  Banshee  
  58  7:46  Marine x2  
  60  8:00  SCV  
  60  8:01  SCV  
  60  8:03  Marine x2  
  64  8:12  SCV  
  64  8:13  SCV  
  64  8:17  Barracks  
  64  8:19  Medivac  
  68  8:21  Marine x2  
  68  8:24  Barracks  
  68  8:25  Missile Turret  
  68  8:26  Missile Turret  
  70  8:28  Missile Turret  
  70  8:30  Refinery  
  70  8:38  Supply Depot x2  
  70  8:44  Missile Turret  
  70  8:59  Marine x2, SCV x2, Siege Tank, Banshee  
  70  9:11  SCV x2  
  72  9:17  Missile Turret  
  72  9:18  Missile Turret  
  72  9:19  Missile Turret  
  72  9:22  Missile Turret  
  72  9:24  SCV x2  
  72  9:36  SCV x2  
  72  9:48  SCV x2  
  71  10:00  SCV x2  
  73  10:12  SCV x2  
  75  10:15  Marine x2  
  76  10:33  Marine x2, Raven  
  80  10:50  Marine  
  80  10:51  Marine  
  79  11:08  Marine x2  
  79  11:10  Missile Turret  
  80  11:22  Marine x2  
  82  11:26  Marine x2  
  84  11:42  SCV  
  84  11:43  SCV  
  86  12:09  Marine, SCV  
  86  12:10  SCV  
  86  12:12  Marine  
  86  12:21  SCV  
  86  12:22  SCV  
  85  12:27  Marine  
  85  12:29  Raven  
  86  12:33  Marine  
  86  12:43  Starport Reactor  
  86  13:05  Supply Depot  
  86  13:06  Supply Depot  
  86  13:07  Supply Depot  
  86  13:10  Supply Depot  
  86  13:26  Siege Tank, SCV  
  90  13:30  Marine x3  
  90  13:31  Supply Depot  
  93  13:34  Marine  
  94  13:48  Marine x2  
  94  13:49  Marine  
  94  13:52  Marine  
  98  13:58  Siege Tank  
  101  14:06  Marine x3  
  104  14:10  Marine  
  105  14:24  Marine  
  105  14:30  Siege Tank  
  104  14:56  Marine x4  
  108  15:14  Marine x4  
  110  15:30  Missile Turret  
  107  15:42  Siege Tank  
  96  16:01  Marine  
  61  17:09  Orbital Command  
  44  18:26  Marine x3, Missile Turret  
  47  18:29  Missile Turret  
  47  18:31  Missile Turret  
  46  19:31  Banshee  
  49  20:02  Marine x4  
  53  20:11  Supply Depot x2  
  53  20:12  Supply Depot  
  53  20:13  Supply Depot  
  53  20:14  Supply Depot x2  
  53  20:20  Marine x4  
  53  20:21  Viking  
  59  20:30  Refinery x2  
  59  20:38  Marine x4  
  63  20:55  Marine x2  
  63  20:56  Marine x2  
  67  21:13  Marine x2  
  67  21:14  Marine  
  69  21:23  Barracks Tech Lab  
  68  21:26  SCV x2  
  68  21:31  Marine  
  73  21:38  SCV x2  
  73  21:49  Marine  
  73  21:50  SCV x2  
  76  21:57  Stimpack  
  76  22:02  SCV  
  76  22:07  Marine  
  78  22:39  Combat Shields  
  78  22:42  Widow Mine x2  
  82  23:10  Widow Mine x2  
  86  23:39  Widow Mine x2  
  86  24:16  Widow Mine x2  
  82  24:23  Command Center  
  83  24:27  Command Center  
  79  24:45  Widow Mine x2  
  77  25:13  Widow Mine x2  
  74  25:14  Missile Turret  
  74  25:16  Missile Turret  
  78  25:33  Marine x3  
Show
View Real Time Build Order
Export as new Build Order

Fropez Protoss - Winner!

Build Orders:  

Get SALT Encoding   

  12  0:01  Probe (Chrono Boost)  
  13  0:26  Pylon, Probe (Chrono Boost)  
  14  0:46  Gateway  
  14  0:50  Gateway  
  14  0:56  Gateway  
  14  1:04  Probe (Chrono Boost)  
  15  1:15  Probe (Chrono Boost)  
  17  1:25  Probe (Chrono Boost)  
  17  1:36  Probe (Chrono Boost)  
  17  1:37  Pylon  
  18  1:42  Assimilator  
  18  1:46  Probe (Chrono Boost), Assimilator  
  19  1:57  Probe (Chrono Boost)  
  20  2:07  Pylon, Probe (Chrono Boost)  
  21  2:18  Probe (Chrono Boost)  
  21  2:19  Pylon  
  22  2:23  Cybernetics Core  
  22  2:28  Probe (Chrono Boost)  
  23  2:33  Pylon  
  23  2:39  Probe (Chrono Boost)  
  24  2:58  Nexus  
  25  3:06  Mothership Core (Chrono Boost)  
  25  3:11  Warp Gate (Chrono Boost)  
  26  3:25  Adept  
  26  3:26  Adept  
  30  3:27  Adept  
  32  3:43  Probe (Chrono Boost)  
  33  3:53  Twilight Council  
  33  3:54  Probe  
  33  3:55  Adept  
  36  3:58  Adept  
  38  4:05  Adept  
  38  4:09  Probe  
  41  4:19  Pylon  
  41  4:25  Adept  
  41  4:26  Assimilator  
  43  4:31  Adept  
  43  4:36  Adept  
  47  4:42  Resonating Glaives (Chrono Boost)  
  47  4:46  Probe  
  47  4:48  Probe  
  49  5:01  Probe x2  
  49  5:04  Robotics Facility  
  51  5:25  Probe  
  51  5:26  Probe  
  53  5:33  Gateway  
  53  5:35  Probe, Gateway  
  53  5:40  Pylon  
  54  5:43  Assimilator  
  54  5:44  Probe  
  55  5:58  Probe x2  
  58  6:15  Dark Shrine  
  54  6:24  Observer (Chrono Boost)  
  48  6:28  Stalker  
  48  6:29  Stalker x2  
  41  7:01  Probe  
  41  7:02  Probe  
  41  7:08  Warp Prism (Chrono Boost)  
  45  7:18  Probe  
  45  7:19  Probe  
  47  7:30  Probe  
  48  7:40  Probe  
  49  7:47  Probe  
  49  7:50  Probe  
  51  7:59  Probe  
  52  8:23  Observer (Chrono Boost)  
  52  8:26  Dark Templar x2  
  59  8:41  Warp Prism (Chrono Boost)  
  55  9:18  Probe  
  55  9:20  Probe  
  55  9:34  Nexus  
  55  9:38  Assimilator  
  54  9:42  Assimilator  
  46  10:02  Dark Templar  
  46  10:03  Probe  
  46  10:04  Probe  
  42  10:10  Pylon  
  42  10:12  Pylon  
  42  10:14  Probe  
  40  10:17  Probe  
  40  10:21  Immortal (Chrono Boost)  
  46  10:24  Probe  
  45  10:30  Dark Templar  
  45  10:33  Forge  
  47  10:45  Probe x2  
  47  10:46  Probe  
  50  11:08  Probe  
  50  11:10  Probe  
  50  11:13  Probe  
  51  11:19  Probe  
  51  11:24  Adept  
  51  11:25  Adept x4  
  62  11:28  Probe  
  62  11:29  Protoss Ground Weapons Level 1 (Chrono Boost)  
  62  11:32  Immortal  
  67  11:37  Gateway x2  
  67  11:44  Probe x3  
  70  11:53  Dark Templar  
  72  11:54  Dark Templar  
  64  12:40  Dark Templar x5  
  74  12:51  Stargate  
  74  12:53  Probe, Stargate  
  74  12:54  Probe, Charge  
  74  12:57  Probe  
  77  13:13  Stalker x5  
  77  13:14  Stalker  
  89  13:48  Stalker  
  89  13:49  Stalker x4  
  89  13:50  Stalker x2  
  111  14:04  Oracle x2  
  111  14:07  Probe  
  110  14:36  Dark Templar  
  110  14:37  Dark Templar x2  
  102  14:49  Zealot x3  
  83  15:39  Dark Templar x4  
  85  16:10  Oracle  
  85  16:11  Oracle  
  43  17:29  Pylon  
  43  17:31  Pylon  
  43  17:36  Pylon  
  42  17:44  Cybernetics Core  
  42  18:00  Nexus  
  42  18:03  Pylon  
  42  18:05  Pylon  
  40  18:22  Pylon  
  40  18:23  Stalker  
  40  18:24  Stalker x2  
  46  18:41  Probe  
  46  18:45  Oracle x2  
  52  18:54  Gateway  
  52  18:58  Fleet Beacon  
  52  19:00  Pylon  
  52  19:11  Probe  
  52  19:12  Assimilator  
  52  19:16  Probe  
  53  19:18  Assimilator  
  53  19:22  Probe  
  55  19:27  Probe  
  56  19:37  Probe  
  56  19:38  Probe  
  58  19:48  Probe  
  58  19:49  Probe  
  60  20:06  Probe x2  
  60  20:13  Tempest x2 (Chrono Boost)  
  70  20:23  Dark Templar x2  
  74  20:38  Probe  
  74  20:40  Probe  
  76  20:50  Probe  
  76  20:51  Tempest (Chrono Boost)  
  81  20:58  Tempest (Chrono Boost)  
  81  20:59  Probe  
  86  21:07  Probe  
  87  21:28  Tempest (Chrono Boost)  
  92  22:08  Tempest (Chrono Boost)  
  92  22:09  Tempest (Chrono Boost)  
  93  22:41  Tempest (Chrono Boost)  
  93  22:46  Tempest (Chrono Boost)  
  93  22:50  Protoss Air Weapons Level 1 (Chrono Boost)  
  101  23:01  Pylon  
  101  23:02  Pylon  
  101  23:04  Pylon  
  101  23:06  Pylon  
  101  23:08  Pylon  
  101  23:17  Nexus  
  101  23:19  Pylon  
  101  23:23  Assimilator  
  101  23:24  Assimilator  
  101  23:30  Tempest  
  103  24:24  Stalker x2  
  103  24:25  Stalker x2  
  94  25:02  Stalker x2  
  94  25:03  Stalker x2  
  102  25:50  Nexus  
  102  25:54  Pylon  
  102  25:55  Pylon  
Tags
 
League
GoldGold
Matchup
PvT
Replay Pack
All Mines
Spawn Locations
Cross Positions
Add a new tag
Caveats
  • Supply blocks, unpowered buildings, or Contaminate may cause inaccurate times.
  • Supply counts are checked every 10 seconds.